Cogmind - Beta 13 @@@ ROGUE MODE // 2024.04.30 @ 21:34:40 Player: Bace Troncons Result: Destroyed by G-47 Trooper with Particle Gun Performance ------------- Evolutions (2) 1000 Regions Visited (5) 1000 Robots Destroyed (39) 195 Value Destroyed (1047) 1047 Prototype IDs (27) 540 Alien Tech Used (0) 0 Bonus (300) 300 TOTAL SCORE: 4082 Bonus ------- Aligned with FarCom 300 Cogmind --------- Core Integrity 0/550 Matter 152/300 Energy 77/100 System Corruption 0% Temperature Cool (18) Movement Core (500) Ox9 Location -8/Materials Parts ------- > --- POWER (1) -------- (None) > --- PROPULSION (5) --- (None) > --- UTILITY (3) ------ Large Storage Unit Structural Scanner Visual Processing Unit > --- WEAPON (2) ------- Heavy Laser High-powered Shotgun > --- INVENTORY (15) --- Light Nuclear Core Experimental Sensor Array Signal Interpreter Medium Reflective Plating Hammer Peak State ------------ > --- POWER ------------ Ion Engine > --- PROPULSION ------- Light Treads Light Treads Light Treads Light Treads Armored Treads > --- UTILITY ---------- Medium Storage Unit Structural Scanner Visual Processing Unit > --- WEAPON ----------- Heavy Assault Rifle Heavy Assault Rifle > --- INVENTORY -------- Ion Engine Experimental Sensor Array Signal Interpreter Medium Reflective Plating Heavy Assault Rifle Heavy Assault Rifle High-powered Shotgun Hammer [Rating: 18] Favorites ----------- Power Ion Engine Engine Ion Engine Power Core Nuclear Core Propulsion Light Treads Treads Light Treads Utility Structural Scanner Device Structural Scanner Storage Medium Storage Unit Processor Visual Processing Unit Weapon Heavy Assault Rifle Energy Gun Small Laser Ballistic Gun Heavy Assault Rifle Launcher Grenade Launcher Impact Weapon Hammer Build | -11 -10 -10 -10 -9 -8 ------- Run | Yrd Mat Min Exi Min Mat Slots Evolved 4 | . . . . . 4 Power . | . . . . . . Propulsion 3 | . . . . . 3 Utility 1 | . . . . . 1 Weapon . | . . . . . . Parts Attached 42 | 7 12 1 . . 22 Power 4 | 1 . . . . 3 Engine 3 | 1 . . . . 2 Core 1 | . . . . . 1 Reactor . | . . . . . . Propulsion 11 | 2 3 . . . 6 Treads 11 | 2 3 . . . 6 Leg . | . . . . . . Wheel . | . . . . . . Hover . | . . . . . . Flight . | . . . . . . Utility 7 | 1 4 . . . 2 Device 2 | . 2 . . . . Storage 4 | 1 2 . . . 1 Processor 1 | . . . . . 1 Hackware . | . . . . . . Protection . | . . . . . . Artifact . | . . . . . . Weapon 20 | 3 5 1 . . 11 Energy Gun 5 | 3 1 . . . 1 Energy Cannon . | . . . . . . Ballistic Gun 10 | . 4 . . . 6 Ballistic Cannon . | . . . . . . Launcher 3 | . . . . . 3 Special Weapon . | . . . . . . Impact Weapon 2 | . . 1 . . 1 Slashing Weapon . | . . . . . . Piercing Weapon . | . . . . . . Special Melee Weapon . | . . . . . . Unidentified Prototypes . | . . . . . . Parts Lost 13 | . 1 . . . 12 Power 3 | . . . . . 3 Propulsion 4 | . . . . . 4 Utility . | . . . . . . Weapon 6 | . 1 . . . 5 Highest Loss Streak 8 | . 1 . . . 8 To Critical Strikes . | . . . . . . Average Slot Usage (%) 93 | . 96 100 100 100 76 Engine 12 | . 14 14 14 14 7 Treads 27 | . 27 28 28 28 26 Device 11 | . 11 14 14 14 9 Storage 12 | . 14 14 14 14 9 Processor 1 | . . . . . 7 Energy Gun 2 | . 4 . . . . Ballistic Gun 18 | . 23 21 14 14 12 Impact Weapon 4 | . . 7 14 14 1 Naked Turns . | . . . . . . Heaviest Build 92 | 13 92 22 21 21 34 Greatest Support 100 | 40 46 40 40 40 100 Greatest Overweight (x) 11 | . 4 . . . 11 Average Overweight (x) . | . . . . . . Largest Inventory Capacity 25 | 8 25 10 10 10 15 Average Capacity 14 | 7 18 10 10 10 11 Most Carried 13 | 4 13 10 10 10 10 Average Carried 8 | 2 8 9 10 10 8 Final Capacity 15 | 8 10 10 10 10 15 Final Carried 10 | 4 10 10 10 10 5 Class Distribution -------------------- 86% | Mutant 12% | Skirmisher Dominant Class ---------------- Mutant | -10/Materials Mutant | -10/Mines Mutant | -10/Exiles Mutant | -9/Mines Skirmisher | -8/Materials Resources | -11 -10 -10 -10 -9 -8 ----------- Run | Yrd Mat Min Exi Min Mat Matter Collected 1122 | 175 394 93 . 34 426 Remotely . | . . . . . . Salvage Created 1234 | . 566 120 . . 548 Parts 73 | . 40 8 . . 25 Haulers Intercepted 2 | . 2 . . . . Recyclers Shooed . | . . . . . . Parts Field Recycled . | . . . . . . Retrieved Matter . | . . . . . . Parts Self-Destructed . | . . . . . . Prevented . | . . . . . . Kills | -11 -10 -10 -10 -9 -8 ------- Run | Yrd Mat Min Exi Min Mat Combat Hostiles Destroyed 27 | . 10 5 . . 12 Guns 23 | . 10 5 . . 8 AOE 4 | . . . . . 4 Classes Destroyed 10 | . 7 . . . 3 Worker 3 | . 1 . . . 2 Builder 1 | . . . . . 1 Hauler 2 | . 2 . . . . Recycler 1 | . 1 . . . . Operator 2 | . 1 . . . 1 Watcher 3 | . 3 . . . . Swarmer 9 | . 6 3 . . . Grunt 14 | . 4 2 . . 8 Sentry 2 | . . . . . 2 Specialist 2 | . . . . . 2 Best Kill Streak 4 | . 4 3 . . 3 Combat Bots Only 3 | . 3 3 . . 3 Max Kills in Single Turn 2 | . 1 1 . . 2 Gunslinging . | . . . . . . Exploded 1 | . . . . . 1 Melee . | . . . . . . Uniques/NPCs Destroyed . | . . . . . . Combat | -11 -10 -10 -10 -9 -8 -------- Run | Yrd Mat Min Exi Min Mat Hostile Shots Fired 273 | . 65 28 . . 180 Missed 82 | . 18 6 . . 58 Damage Taken 2671 | . 511 210 . . 1950 Core 670 | . 63 44 . . 563 Absorbed by Shields . | . . . . . . Regen/Repaired (Parts) 293 | . 202 . . . 91 Core Remaining (%) 78 | 100 . . . 57 . Volleys Fired 145 | . 61 18 . . 66 Largest 2 | . 2 2 . . 2 Hottest 94 | . 80 46 . . 94 Shots Fired 251 | . 122 28 . . 101 Gun 234 | . 122 28 . . 84 Cannon . | . . . . . . Launcher 17 | . . . . . 17 Special . | . . . . . . Kinetic 200 | . 89 28 . . 83 Thermal 24 | . 23 . . . 1 Explosive 17 | . . . . . 17 Electromagnetic 10 | . 10 . . . . Robot Hit Streak 13 | . 12 3 . . 13 Robot Miss Streak 3 | . 3 2 . . 3 Penetration Max . | . . . . . . Secondary Targets 2 | . . . . . 2 Max Gunslinging Chain 1 | . . . . . 1 Shots Hit Robots 156 | . 79 10 . . 67 Core Hits 76 | . 25 7 . . 44 Critical Kills . | . . . . . . Critical Parts Destroyed 1 | . 1 . . . . Critical Strikes 3 | . 3 . . . . Destroy 1 | . 1 . . . . Corrupt 2 | . 2 . . . . Melee Attacks 9 | . . 2 . . 7 Impact 9 | . . 2 . . 7 Slashing . | . . . . . . Piercing . | . . . . . . Sneak Attacks . | . . . . . . Combat Hostiles . | . . . . . . Follow-up Attacks . | . . . . . . Damage Inflicted 2714 | . 975 188 . . 1551 Guns 2090 | . 975 188 . . 927 Cannons . | . . . . . . Explosions 624 | . . . . . 624 Melee . | . . . . . . Ramming . | . . . . . . Kinetic 1806 | . 710 188 . . 908 Thermal 190 | . 171 . . . 19 Explosive 624 | . . . . . 624 Electromagnetic 94 | . 94 . . . . Impact . | . . . . . . Slashing . | . . . . . . Piercing . | . . . . . . Highest Corruption . | . . . . . . Average Corruption . | . . . . . . Corruption Purged . | . . . . . . Corruption Blocked . | . . . . . . Overload Shots . | . . . . . . Overflow Damage 10 | . . . . . 10 Projectiles . | . . . . . . Explosions 10 | . . . . . 10 Melee . | . . . . . . Knockbacks . | . . . . . . Impact . | . . . . . . Kinetic . | . . . . . . Secondary . | . . . . . . Self-Inflicted Damage . | . . . . . . Shots . | . . . . . . Rammed . | . . . . . . Targets Rammed . | . . . . . . Kicked . | . . . . . . Crushed . | . . . . . . Highest Temperature 187 | . 187 17 . . 18 Average Temperature 67 | . 81 9 . . 9 Received Heat Transfer 1164 | . 228 63 . . 873 Siege Activations . | . . . . . . Robots Corrupted . | . . . . . . Combat Hostiles . | . . . . . . Parts Fried . | . . . . . . Impact Corruptions . | . . . . . . Robots Melted . | . . . . . . Combat Hostiles . | . . . . . . Parts Melted 1 | . 1 . . . . Heat Transferred 437 | . 400 . . . 37 Parts Sabotaged . | . . . . . . Parts Stolen . | . . . . . . Parts Stripped . | . . . . . . Power Chain Reactions . | . . . . . . Alert | -11 -10 -10 -10 -9 -8 ------- Run | Yrd Mat Min Exi Min Mat Peak Influence 210 | . 193 136 . . 210 Initial . | . . . . . . Average 71 | . 69 117 . . 75 Maximum Alert Level 1 | . . . . . 1 Low Security (%) 99 | 100 100 100 . 100 99 Level 1 . | . . . . . . Level 2 . | . . . . . . Level 3 . | . . . . . . Level 4 . | . . . . . . Level 5 . | . . . . . . High Security . | . . . . . . Max Security . | . . . . . . Squads Dispatched 4 | . 2 . . . 2 Investigation 1 | . 1 . . . . Extermination . | . . . . . . Reinforcement 3 | . 1 . . . 2 Assault . | . . . . . . Garrison . | . . . . . . Intercept . | . . . . . . Searches Triggered . | . . . . . . Construction Impeded . | . . . . . . Haulers Reinforced . | . . . . . . Active Scanning Responses . | . . . . . . Cargo Convoy Interrupts . | . . . . . . Stealth | -11 -10 -10 -10 -9 -8 --------- Run | Yrd Mat Min Exi Min Mat Distress Signals 6 | . 3 . . . 3 Communications Jammed . | . . . . . . Distress Signals . | . . . . . . Times Spotted 53 | . 24 5 . . 24 Peak Tracking Total 5 | . 5 3 . . 5 Tactical Retreats 3 | . 2 . . . 1 Traps | -11 -10 -10 -10 -9 -8 ------- Run | Yrd Mat Min Exi Min Mat Traps Triggered 3 | . 1 . . . 2 Indirectly . | . . . . . . Trap Hack Attempts . | . . . . . . Triggered . | . . . . . . Disarmed . | . . . . . . Reprogrammed . | . . . . . . Reused . | . . . . . . Traps Extracted . | . . . . . . Installed . | . . . . . . Triggered . | . . . . . . Machines | -11 -10 -10 -10 -9 -8 ---------- Run | Yrd Mat Min Exi Min Mat Machines Disabled 4 | . . 1 . . 3 Max in Single Turn 2 | . . 1 . . 2 Machines Repaired . | . . . . . . Machines Dismantled . | . . . . . . Machines Sabotaged . | . . . . . . Overloaded Fab Kills . | . . . . . . Hacking | -11 -10 -10 -10 -9 -8 --------- Run | Yrd Mat Min Exi Min Mat Machines Accessed 13 | . 6 . 2 . 5 Terminals 8 | . 4 . . . 4 Fabricators . | . . . . . . Repair Stations 2 | . 1 . . . 1 Recycling Units 1 | . 1 . . . . Scanalyzers . | . . . . . . Garrison Access . | . . . . . . Total Hacks 40 | . 22 . 3 . 15 Successful 23 | . 13 . 3 . 7 Failed 17 | . 9 . . . 8 Catastrophic 3 | . 1 . . . 2 Database Lockouts . | . . . . . . Manual 9 | . 4 . 1 . 4 Terminals 27 | . 16 . . . 11 Fabricators . | . . . . . . Repair Stations 9 | . 5 . . . 4 Recycling Units 1 | . 1 . . . . Scanalyzers . | . . . . . . Garrison Access . | . . . . . . Terminal Hacks 15 | . 8 . 3 . 4 Record 2 | . . . 2 . . Robot Analysis 2 | . 2 . . . . Prototype ID Bank 2 | . 2 . . . . Branch Access Points 2 | . 1 . . . 1 Unreport Threat 2 | . . . . . 2 Locate Traps 1 | . 1 . . . . Patrol Status 1 | . 1 . . . . Registered Components 1 | . . . . . 1 Zone Layout 1 | . 1 . . . . Derelict Proto ID Bank 1 | . . . 1 . . Fabricator Hacks . | . . . . . . Repair Station Hacks 7 | . 4 . . . 3 Scan Component 4 | . 2 . . . 2 Repair 3 | . 2 . . . 1 Recycling Unit Hacks 1 | . 1 . . . . Retrieve Components 1 | . 1 . . . . Scanalyzer . | . . . . . . Garrison Access Hacks . | . . . . . . Unauthorized Hacks . | . . . . . . Terminals . | . . . . . . Fabricators . | . . . . . . Repair Stations . | . . . . . . Recycling Units . | . . . . . . Scanalyzers . | . . . . . . Garrison Access . | . . . . . . Data Cores Recovered . | . . . . . . Used . | . . . . . . Hacking Detections 10 | . 5 . . . 5 Full Trace Events 4 | . 3 . . . 1 Feedback Events . | . . . . . . Feedback Blocked . | . . . . . . Robot Schematics Acquired . | . . . . . . Robots Built . | . . . . . . Authchips . | . . . . . . Time . | . . . . . . Total Robot Build Rating . | . . . . . . Part Schematics Acquired . | . . . . . . Parts Built . | . . . . . . Authchips . | . . . . . . Time . | . . . . . . Total Part Build Rating . | . . . . . . Parts Repaired 3 | . 2 . . . 1 Time 84 | . 52 . . . 32 Parts Recycled . | . . . . . . Recycled Matter . | . . . . . . Retrieved Matter . | . . . . . . Retrieved Components 1 | . 1 . . . . Parts Scanalyzed . | . . . . . . Part Schematics Acquired . | . . . . . . Parts Damaged . | . . . . . . Bothacking | -11 -10 -10 -10 -9 -8 ------------ Run | Yrd Mat Min Exi Min Mat Used RIF Installer . | . . . . . . Robots Hacked . | . . . . . . Non-combat . | . . . . . . Combat . | . . . . . . Robot Hacks Applied . | . . . . . . Relay Couplers Released . | . . . . . . Fabnet Peak Effective % . | . . . . . . Robots Rewired . | . . . . . . Allies Hacked . | . . . . . . Hacks Repelled . | . . . . . . Allies | -11 -10 -10 -10 -9 -8 -------- Run | Yrd Mat Min Exi Min Mat Total Allies . | . . . . . . Largest Group . | . . . . . . Highest-Rated Group . | . . . . . . Highest-Rated Ally . | . . . . . . Total Orders . | . . . . . . Ally Attacks . | . . . . . . Total Damage . | . . . . . . Kills . | . . . . . . Allies Corrupted . | . . . . . . Allies Melted . | . . . . . . Intel | -11 -10 -10 -10 -9 -8 ------- Run | Yrd Mat Min Exi Min Mat Robot Analysis Total 2 | . 2 . . . . Derelict Logs Recovered 2 | . . 1 . 1 . Drone Launches . | . . . . . . Drone Recoveries . | . . . . . . Exploration | -11 -10 -10 -10 -9 -8 ------------- Run | Yrd Mat Min Exi Min Mat Turns Passed 3830 | 76 1725 420 584 202 823 Spaces Moved 1649 | 40 586 227 366 126 304 Core 17 | 1 . . . . 16 Treads 1632 | 39 586 227 366 126 288 Legs . | . . . . . . Wheels . | . . . . . . Hover . | . . . . . . Flight . | . . . . . . Fastest Speed 50 | 50 160 160 160 160 160 Average Speed 191 | 157 239 160 160 160 176 Slowest Speed 600 | 160 480 160 160 160 600 Overloaded Moves . | . . . . . . Propulsion Burnouts . | . . . . . . Robots Hopped . | . . . . . . Cave-ins Triggered . | . . . . . . Exploration Rate (%) 45 | 4 78 61 71 26 33 Regions Visited 5 Branch Regions 3 Pre-discovered Areas . | . . . . . . Known Exits Taken 2 | . 1 . 1 . . Unknown Exits Taken 3 | 1 . 1 . 1 . Scrap Searched 1 | . . . . 1 . Spaces Dug 12 | . . 1 . . 11 Terrain Destroyed 117 | . . 1 . . 116 Melee 4 | . . 1 . . 3 Projectile . | . . . . . . AOE 113 | . . . . . 113 Terrain Rammed . | . . . . . . Walls Destroyed . | . . . . . . Machines Disabled . | . . . . . . Actions | -11 -10 -10 -10 -9 -8 --------- Run | Yrd Mat Min Exi Min Mat Total 2060 | 50 793 252 365 127 473 Wait 179 | . 106 3 . 2 68 Move 1644 | 39 585 226 365 125 304 Hop . | . . . . . . Pick Up 25 | 3 16 1 . . 5 Fast Attach 20 | 7 7 . . . 6 Attach 12 | . 2 . . . 10 Detach 4 | 1 3 . . . . Swap 10 | . 3 1 . . 6 Drop 12 | . 10 1 . . 1 Fire 145 | . 61 18 . . 66 Melee 9 | . . 2 . . 7 Ram . | . . . . . . Kick . | . . . . . . Crush . | . . . . . . Escape Stasis . | . . . . . . Rewire . | . . . . . . Trap . | . . . . . . Miscellaneous . | . . . . . . Route ------- -11/Scrapyard -10/Materials (discovered 4 exits: [*Mat x3] / *Min) -10/Mines (discovered 2 exits: [*Mat] / *Exi) -10/Exiles (discovered 2 exits: *Min x2) -9/Mines -8/Materials (discovered 2 exits: *Sto x2) History --------- Turn | Location | Event 26 | -11/Scrapyard | Discovered new exit (range 15) 77 | -11/Scrapyard | Entered Materials 313 | -10/Materials | Build established: Mutant 356 | -10/Materials | Repaired Lgt. Treads 384 | -10/Materials | Repaired Lgt. Treads 499 | -10/Materials | Discovered new exit (range 7) 820 | -10/Materials | Discovered new exit (range 8) 827 | -10/Materials | Identified exit to Mines 1518 | -10/Materials | Discovered new exit (range 12) 1802 | -10/Materials | Entered Mines 1815 | -10/Mines | Met a Derelict bent on vengeance 1893 | -10/Mines | Found a damaged Exp. Sensor Array with a note attached 1898 | -10/Mines | Found Prototype Device 1961 | -10/Mines | Discovered new exit (range 9) 2215 | -10/Mines | Deemed a non-threat by the Exiles lab entrance 2215 | -10/Mines | Discovered new exit (range 5) 2222 | -10/Mines | Entered Exiles 2223 | -10/Exiles | Identified exit to Mines 2261 | -10/Exiles | Met 8R-AWN 2290 | -10/Exiles | Met EX-HEX 2333 | -10/Exiles | Met EX-BIN 2352 | -10/Exiles | Aligned with FarCom system 2354 | -10/Exiles | Given EX-Vault access code 2392 | -10/Exiles | Opened EX-Vault 2546 | -10/Exiles | Warned to stay clear of 0b10 Research branches 2594 | -10/Exiles | Met EX-DEC 2806 | -10/Exiles | Entered Mines 2822 | -9/Mines | Assembled infested the area 2844 | -9/Mines | Learned Materials garrison access intel 2999 | -9/Mines | Discovered new exit (range 6) 3008 | -9/Mines | Entered Materials 3008 | -8/Materials | Evolved 4 slots: Propulsion x3, Utility x1 3224 | -8/Materials | Repaired Hvy. Assault Rifle 3232 | -8/Materials | Discovered new exit (range 12) 3350 | -8/Materials | Identified exit to Storage 3471 | -8/Materials | Lost 4 parts (1p2n1w) 3545 | -8/Materials | Build established: Skirmisher 3739 | -8/Materials | Core integrity fell below 50% 3789 | -8/Materials | Core integrity fell below 20% 3803 | -8/Materials | Lost 8 parts (2p2n4w) 3831 | -8/Materials | Destroyed by G-47 Trooper with Particle Gun Last Messages --------------- 03784_ U-05 Engineer lays Concrete. 03786_ R-06 Scavenger collects Aluminum Leg. 03786_ Atomic Centrifuge disabled. 03787_ K-01 Serf collects debris. 03788_ U-05 Engineer builds a Wall. 03788_ K-01 Serf collects debris. 03790_ U-05 Engineer lays Concrete. 03791_ R-06 Scavenger collects Wheel. 03791_ K-01 Serf collects debris. 03795_ R-06 Scavenger collects Med. Matter Pod. 03795_ U-05 Engineer builds a Door. 03798_ K-01 Serf collects debris. 03799_ Acquired 54 matter. 03800_ R-06 Scavenger collects Aluminum Leg. 03801_ K-01 Serf collects debris. 03807_ Acquired 11 matter. 03807_ K-01 Serf collects debris. 03821_ G-50 Soldier destroyed. 03823_ K-01 Serf collects debris. 03827_ Acquired Hvy. Laser. Map ----- +----------------------------------------------------+ | ?????????????????????????????????????????????????? | | ?????????????????????????????????????????????????? | | ?????????????????????????????????????????????????? | | ?????????????????????????????????????????????????? | | ?????????????????????????????????????????????????? | | ???????????????????????? ??????????????????????? | | ???????????????????????? ??????????????????????? | | ????????????????????????? ?####?????????????????? | | ???????????????????????? #####?????????????????? | | ?????????????????????????" #####?????????????????? | | ?????????????????????????% w##?????????????????? | | ????????????????????????? ???>?????????????? | | ?????????????????????????? ##?????????????????? | | ????????????????????????? ##?????????????????? | | ?????????????????????????## ##??????########## ? | | ?????????????????????????## ##??????########## ? | | ?????????????????????????## ##??????## # ? | | ?????????????????????????## ##??????## # ? | | ?????????????????????????## ########## # ? | | ?????????????????????????## ########## # ? | | ?????????????????????????## ###"""#### ##? | | ??????????????? ########## ###"T"#### ##? | | ???????????????+########### ^ # # ? | | ??????????????? # !! ! # # # ? | | ??????????????? #! !! # """ T + # ? | | ??????????????? # ! !@g% "" # # ? | | ??????????????? # [ * #! ""^ # # ? | | ??????????????? #####+#####^ ^ # # ? | | ??????????????? ##### ### # ! # ? | | ???????????????????## ?## """ """ k# # ? | | ?????????? # ???????? ### """ """ # [ # ? | | ?????????? # ?????? ### ! """ """ + ##? | | ??????????## ????## ### # ##? | | ??????????## ???## ### ##########? | | ??????????## ???## ###+#############? | | ??????????## ##### ######+##### ##????????? | | ?????????? # ##### ## # ##????????? | | ?????????? + ## # " ##????????? | | ?????????? # ## # """ ##????????? | | ?????????? # ## """ # """ ##????????? | | ?????????? + ## ! """"" # """ ##????????? | | ????# # ## """"" # "" ##????????? | | ????##+##+## ## """"" # """ ##????????? | | ????## + """ # ^"? ##????????? | | ????## ########### ??? ##????????? | | ????## ###### !### ??????????????? | | ????## !## ?????????????? | | ????## ########## !####?????????????? | | ????## ########## !####?????????????? | | ? ####????## !##??????# ????? | +----------------------------------------------------+ Best States ------------- Heat Dissipation 31 Energy Generation 14 Energy Capacity 250 Matter Stores 300 Matter Capacity 300 Sight Range 18 Terrain Scan Density 10 Evasion (%) 40 Recoil Reduction 5 Item Schematics ----------------- None Robot Schematics ------------------ None Fabricated ------------ Nothing Alien Tech Used ----------------- None Achievements -------------- None Challenges ------------ None Game ------ Seed MeleeEtherialMaul Manual? 0 Play Time 00:30:53 Cumulative 47.7 hours Start 2024.04.30 @ 21:07:00 End 2024.04.30 @ 21:34:40 Sessions 1 Manual Loads 0 Difficulty Rogue Special Mode None Game No. 72 Rogue 72 Adventurer 0 Explorer 0 Win Type - Total 0 Types 0/0/0/0/0/0/0/0/0 Lore% 25 Gallery% 33 Achievement% 27 Wizard Run 0 Options --------- Layout 1 ASCII 0 Keyboard 1 Movement Numpad Keybinds 0 Fullscreen 1 Font 24/Smallcaps Map View 50x35 Zoom Use 0% Tactical HUD 1 Map Filters NONE Filters NONE Steam 1 RUN: 34b27332-d560-418d-8f56-b1e6467be3b0